[Event "Finalturnier U10"]
[Site "TOSHIBA"]
[Date "2008.07.06"]
[Round "7"]
[White "Miccolis, Timur"]
[Black "Lehmann, Dominik"]
[Result "0-1"]
[ECO "B73"]
[WhiteElo "1538"]
[BlackElo "1575"]
[Annotator ",Inock"]
[PlyCount "66"]
[TimeControl "180"]

{400MB, Fritz8.ctg} 1. e4 c5 2. Nf3 d6 3. d4 cxd4 4. Nxd4 Nf6 5. Nc3 g6 6. Be3
Nc6 7. Be2 Bg7 8. O-O O-O 9. Kh1 e6 10. Nf3 d5 11. Bd3 d4 12. Nxd4 Nxd4 13. f4
Nc6 14. e5 Nd5 15. Nxd5 Qxd5 16. c4 Qd7 17. Bc5 Rd8 18. Rf3 Bf8 19. Bf2 Nb4 20.
Bh4 Be7 21. Bxe7 Qxe7 22. a3 Nxd3 23. Rxd3 Bd7 24. Qb3 Bc6 25. Rg3 Rd7 26. Qc3
Rad8 27. Qc2 Rd2 28. Qb3 Qd7 29. h3 Rd1+ 30. Rxd1 Qxd1+ 31. Qxd1 Rxd1+ 32. Kh2
Rd4 33. Rc3 Rxf4 0-1

[Event "Finalturnier u10"]
[Site "TOSHIBA"]
[Date "2008.07.06"]
[Round "7"]
[White "Arcuti, Davide"]
[Black "Rohner, Nadine"]
[Result "0-1"]
[ECO "C50"]
[WhiteElo "1560"]
[BlackElo "1407"]
[Annotator ",Inock"]
[PlyCount "50"]
[TimeControl "180"]

{400MB, Fritz8.ctg} 1. e4 e5 2. Nf3 Nc6 3. Bc4 Bc5 4. O-O d6 5. d3 Bg4 6. h3
Bh5 7. c3 Nf6 8. b4 Bb6 9. a4 a6 10. Nbd2 h6 11. Qc2 Nh7 12. Bb2 Ng5 13. Qd1 a5
14. b5 Ne7 15. Kh2 Ng6 16. g4 Qf6 17. Nxg5 hxg5 18. gxh5 Qf4+ 19. Kg1 Qg3+ 20.
Kh1 Qxh3+ 21. Kg1 Qg3+ 22. Kh1 Qh4+ 23. Kg2 Nf4+ 24. Kg1 Qg3+ 25. Kh1 Qg2# 0-1

[Event "Finalturnier U10"]
[Site "TOSHIBA"]
[Date "2008.07.06"]
[Round "7"]
[White "Burgener, Vincent"]
[Black "Schweighoffer, Martin"]
[Result "0-1"]
[ECO "C54"]
[WhiteElo "1558"]
[BlackElo "1513"]
[Annotator ",Inock"]
[PlyCount "82"]
[TimeControl "180"]

{400MB, Fritz8.ctg} 1. e4 e5 2. Nf3 Nc6 3. Bc4 Bc5 4. c3 Nf6 5. d3 d6 6. Bb3
Be6 7. Bc2 h6 8. O-O O-O 9. Nbd2 Qd7 10. h3 Rfe8 11. Re1 Rad8 12. Nf1 Bxh3 13.
gxh3 Qxh3 14. N3h2 Nh5 15. Qf3 Qxf3 16. Nxf3 Nf4 17. Bxf4 exf4 18. d4 Bb6 19.
Rad1 g5 20. Ba4 f6 21. d5 Ne5 22. Nxe5 Rxe5 23. Nh2 h5 24. Kg2 g4 25. Nf1 h4
26. Nd2 f3+ 27. Kg1 Rh5 28. Nc4 Kg7 29. Nxb6 axb6 30. Bc2 h3 31. Kh2 Rdh8 32.
Rg1 Rg5 33. Rd4 Kf7 34. e5 Rxe5 35. Rgxg4 Re2 36. Bg6+ Kf8 37. Kg3 h2 38. Rgf4
Rh3+ 39. Kxh3 h1=Q+ 40. Kg3 Qg2+ 41. Kh4 Qh2+ 0-1